TOP OF THE 1ST |
Pittsburgh Rollers batting - Pitching for Cincinnati Snappers : RHP Bun Cohen
|
Pitching: RHP Bun Cohen
|
|
Batting: RHB Lanky Spencer
|
0-0: Ball 1-0: Ground out 1-3 (Groundball, 13S, EV 68.8 MPH)
|
Batting: RHB Earl Mantell
|
0-0: Called Strike 0-1: Ball 1-1: Fly out, F7 (Flyball, 7LM, EV 91.3 MPH)
|
Batting: LHB Hooks Hastings
|
0-0: Foul Ball, location: 2F 0-1: Ball 1-1: Called Strike 1-2: DOUBLE (Line Drive, 9LM, EV 104.4 MPH)
|
Batting: LHB Leon Hayes
|
0-0: Ball 1-0: Foul Ball, location: 7LDF 1-1: Reached on error, E6 (Groundball, 6, EV 101.9 MPH) Hooks Hastings scores
|
Batting: RHB Gus Ware
|
0-0: Ball 1-0: Ball 2-0: SINGLE (Groundball, 6S, EV 72.5 MPH) Leon Hayes to third Throwing error, E8 Leon Hayes scores Gus Ware to second
|
Batting: SHB Curtis Cooper
|
0-0: Called Strike 0-1: Called Strike 0-2: Strikes out swinging
|
Top of the 1st over - 2 runs, 2 hits, 2 errors, 1 left on base; Pittsburgh 2 - Cincinnati 0 |
BOTTOM OF THE 1ST |
Cincinnati Snappers batting - Pitching for Pittsburgh Rollers : RHP Bill McNeil
|
Pitching: RHP Bill McNeil
|
|
Batting: LHB Benny Jackson
|
0-0: Ball 1-0: Swinging Strike 1-1: Ball 2-1: SINGLE (Groundball, 6MD, EV 96.9 MPH)
|
Batting: LHB Bill Mackey
|
0-0: Ball 1-0: Ball 2-0: Called Strike 2-1: Ball 3-1: Swinging Strike 3-2: Fielders Choice at 2nd, 1-6 (Groundball, 13, EV 73.1 MPH)
|
Batting: RHB Bill Pelham
|
0-0: Ball 1-0: Called Strike Bill Mackey steals 2nd base 1-1: Ball 2-1: Fly out, F8 (Flyball, 8LXD, EV 110.0 MPH) Runner from 2nd tags up, SAFE at 3rd, no throw by CF
|
Batting: RHB Carl Simms
|
0-0: Called Strike 0-1: SINGLE (Line Drive, 8LS, EV 110.6 MPH) Bill Mackey scores
|
Batting: LHB William Grimes
|
0-0: Called Strike 0-1: Swinging Strike 0-2: Foul Ball, location: 5F 0-2: Ball 1-2: Strikes out looking
|
Bottom of the 1st over - 1 run, 2 hits, 0 errors, 1 left on base; Pittsburgh 2 - Cincinnati 1 |
TOP OF THE 2ND |
Pittsburgh Rollers batting - Pitching for Cincinnati Snappers : RHP Bun Cohen
|
Batting: LHB Mose Williams
|
0-0: SINGLE (Groundball, 56D, EV 98.1 MPH)
|
Batting: RHB Wilbur Simpson
|
0-0: Ball Mose Williams is caught stealing 2nd base 2-4 1-0: Called Strike 1-1: Foul Ball, location: 5F 1-2: Foul Ball, location: 2F 1-2: Ground out 5-3 (Groundball, 56S, EV 85.6 MPH)
|
Batting: RHB Bill McNeil
|
0-0: Ball 1-0: Ball 2-0: Called Strike 2-1: Ball 3-1: Fly out, F8 (Flyball, 89M, EV 87.5 MPH)
|
Top of the 2nd over - 0 runs, 1 hit, 0 errors, 0 left on base; Pittsburgh 2 - Cincinnati 1 |
BOTTOM OF THE 2ND |
Cincinnati Snappers batting - Pitching for Pittsburgh Rollers : RHP Bill McNeil
|
Batting: RHB Ed Williams
|
0-0: Called Strike 0-1: Ball 1-1: TRIPLE (Flyball, 89XD, EV 105.6 MPH)
|
Batting: SHB Jack Davis
|
0-0: Foul Ball, location: 7LSF 0-1: SINGLE (Line Drive, 78S, EV 91.9 MPH) Ed Williams scores
|
Batting: RHB Bert Bartlett
|
0-0: Ball Jack Davis steals 2nd base 1-0: Ball 2-0: Ground out 6-3 (Groundball, P, EV 86.3 MPH)
|
Batting: RHB Bun Cohen
|
0-0: Ball 1-0: Foul Ball, location: 7LSFF 1-1: Foul Ball, location: 23F 1-2: Foul Ball, location: 2F 1-2: Ball 2-2: Strikes out swinging
|
Batting: LHB Benny Jackson
|
0-0: Fly out, F4 (Popup, 4M, EV 73.8 MPH)
|
Bottom of the 2nd over - 1 run, 2 hits, 0 errors, 1 left on base; Pittsburgh 2 - Cincinnati 2 |
TOP OF THE 3RD |
Pittsburgh Rollers batting - Pitching for Cincinnati Snappers : RHP Bun Cohen
|
Batting: RHB Lanky Spencer
|
0-0: Ball 1-0: Fly out, F4 (Popup, 34S, EV 75.6 MPH)
|
Batting: RHB Earl Mantell
|
0-0: Called Strike 0-1: Fly out, F9 (Flyball, 9, EV 83.8 MPH)
|
Batting: LHB Hooks Hastings
|
0-0: Ball 1-0: Foul Ball, location: 2F 1-1: Ground out 4-3 (Groundball, 4S, EV 65.6 MPH)
|
Top of the 3rd over - 0 runs, 0 hits, 0 errors, 0 left on base; Pittsburgh 2 - Cincinnati 2 |
BOTTOM OF THE 3RD |
Cincinnati Snappers batting - Pitching for Pittsburgh Rollers : RHP Bill McNeil
|
Batting: LHB Bill Mackey
|
0-0: Ball 1-0: Ball 2-0: SINGLE (Groundball, 4MD, EV 97.5 MPH)
|
Batting: RHB Bill Pelham
|
0-0: Ball 1-0: Called Strike Bill Mackey steals 2nd base 1-1: Fly out, F8 (Flyball, 8LS, EV 99.4 MPH)
|
Batting: RHB Carl Simms
|
0-0: Called Strike 0-1: Called Strike 0-2: Ball 1-2: Ball 2-2: Strikes out looking
|
Batting: LHB William Grimes
|
0-0: Swinging Strike 0-1: Swinging Strike 0-2: Ground out 5-3 (Groundball, 5, EV 85.0 MPH)
|
Bottom of the 3rd over - 0 runs, 1 hit, 0 errors, 1 left on base; Pittsburgh 2 - Cincinnati 2 |
TOP OF THE 4TH |
Pittsburgh Rollers batting - Pitching for Cincinnati Snappers : RHP Bun Cohen
|
Batting: LHB Leon Hayes
|
0-0: Ball 1-0: Called Strike 1-1: Foul Ball, location: 2F 1-2: Foul Ball, location: 9LSF 1-2: Ball 2-2: Fly out, F8 (Flyball, 8RS, EV 96.3 MPH)
|
Batting: RHB Gus Ware
|
0-0: DOUBLE (Line Drive, 7LS, EV 105.6 MPH)
|
Batting: SHB Curtis Cooper
|
0-0: Called Strike 0-1: Ball 1-1: 2-RUN HOME RUN (Flyball, 7D, EV 96.3 MPH), Distance : 346 ft
|
Batting: LHB Mose Williams
|
0-0: Ball 1-0: Swinging Strike 1-1: Foul Ball, location: 3F 1-2: Ground out 4-3 (Groundball, 4, EV 105.0 MPH)
|
Batting: RHB Wilbur Simpson
|
0-0: Called Strike 0-1: Foul Ball, location: 2F 0-2: Ball 1-2: Ball 2-2: Foul Ball, location: 9LDF 2-2: Ball 3-2: Strikes out swinging
|
Top of the 4th over - 2 runs, 2 hits, 0 errors, 0 left on base; Pittsburgh 4 - Cincinnati 2 |
BOTTOM OF THE 4TH |
Cincinnati Snappers batting - Pitching for Pittsburgh Rollers : RHP Bill McNeil
|
Batting: RHB Ed Williams
|
0-0: Ball 1-0: Swinging Strike 1-1: Foul Ball, location: 2F 1-2: Foul Ball, location: 2F 1-2: Ground out 6-3 (Groundball, 6, EV 106.3 MPH)
|
Batting: SHB Jack Davis
|
0-0: Called Strike 0-1: Foul Ball, location: 9LSF 0-2: Ball 1-2: Ball 2-2: Ball 3-2: Foul Ball, location: 2F 3-2: Ground out U3 (Groundball, 3, EV 110.6 MPH)
|
Batting: RHB Bert Bartlett
|
0-0: SINGLE (Groundball, 6MD, EV 95.6 MPH)
|
Batting: RHB Bun Cohen
|
0-0: Called Strike 0-1: Ball 1-1: Swinging Strike 1-2: Fly out, F4 (Line Drive, 34, EV 62.5 MPH)
|
Bottom of the 4th over - 0 runs, 1 hit, 0 errors, 1 left on base; Pittsburgh 4 - Cincinnati 2 |
TOP OF THE 5TH |
Pittsburgh Rollers batting - Pitching for Cincinnati Snappers : RHP Bun Cohen
|
Batting: RHB Bill McNeil
|
0-0: Ball 1-0: Ball 2-0: Reached on error, E6 (Groundball, 6, EV 87.5 MPH)
|
Batting: RHB Lanky Spencer
|
0-0: Swinging Strike 0-1: Ball 1-1: Ground out 4-3 (Groundball, 4, EV 85.6 MPH) Bill McNeil to third
|
Batting: RHB Earl Mantell
|
0-0: Ball 1-0: Fly out, F2 (Popup, 25F, EV 86.3 MPH)
|
Batting: LHB Hooks Hastings
|
0-0: Ball 1-0: Ball 2-0: Ball 3-0: Called Strike 3-1: Ground out 6-3 (Groundball, 6, EV 83.8 MPH)
|
Top of the 5th over - 0 runs, 0 hits, 1 error, 1 left on base; Pittsburgh 4 - Cincinnati 2 |
BOTTOM OF THE 5TH |
Cincinnati Snappers batting - Pitching for Pittsburgh Rollers : RHP Bill McNeil
|
Batting: LHB Benny Jackson
|
0-0: Ball 1-0: SINGLE (Groundball, 34D, EV 95.0 MPH)
|
Batting: LHB Bill Mackey
|
0-0: Foul Ball, location: 7LSF 0-1: Foul Ball, location: 3F 0-2: Foul Ball, location: 7LSF 0-2: Ball Wild Pitch! Benny Jackson to second 1-2: Ball 2-2: SINGLE (Line Drive, 9S, EV 102.5 MPH) Benny Jackson to third
|
Batting: RHB Bill Pelham
|
0-0: Ball 1-0: Foul Ball, location: 2LF 1-1: Ball 2-1: Foul Ball, location: 9LDF 2-2: Ball 3-2: Fly out, F8 (Flyball, 8RXD, EV 106.3 MPH) Runner from 3rd tags up, SCORES, no throw by CF
|
Batting: RHB Carl Simms
|
0-0: Called Strike 0-1: Swinging Strike 0-2: Ball 1-2: Grounds into double play, 1-6-3 (Groundball, 13S, EV 68.1 MPH)
|
Bottom of the 5th over - 1 run, 2 hits, 0 errors, 0 left on base; Pittsburgh 4 - Cincinnati 3 |
TOP OF THE 6TH |
Pittsburgh Rollers batting - Pitching for Cincinnati Snappers : RHP Bun Cohen
|
Batting: LHB Leon Hayes
|
0-0: Ball 1-0: Ball 2-0: Fly out, F2 (Popup, 2LF, EV 83.1 MPH)
|
Batting: RHB Gus Ware
|
0-0: Ball 1-0: Foul Ball, location: 2F 1-1: Ball 2-1: Ball 3-1: Ground out 2-3 (Groundball, 2L, EV 69.4 MPH)
|
Batting: SHB Curtis Cooper
|
0-0: Called Strike 0-1: Called Strike 0-2: Ground out 1-3 (Groundball, 13S, EV 68.1 MPH)
|
Top of the 6th over - 0 runs, 0 hits, 0 errors, 0 left on base; Pittsburgh 4 - Cincinnati 3 |
BOTTOM OF THE 6TH |
Cincinnati Snappers batting - Pitching for Pittsburgh Rollers : RHP Bill McNeil
|
Batting: LHB William Grimes
|
0-0: Ball 1-0: Called Strike 1-1: Ball 2-1: Fly out, F3 (Popup, 3SF, EV 76.3 MPH)
|
Batting: RHB Ed Williams
|
0-0: Fly out, F4 (Popup, 23, EV 80.0 MPH)
|
Batting: SHB Jack Davis
|
0-0: Swinging Strike 0-1: Ball 1-1: Foul Ball, location: 3F 1-2: Ball 2-2: Ball 3-2: Fly out, F8 (Flyball, 8RD, EV 88.1 MPH)
|
Bottom of the 6th over - 0 runs, 0 hits, 0 errors, 0 left on base; Pittsburgh 4 - Cincinnati 3 |
TOP OF THE 7TH |
Pittsburgh Rollers batting - Pitching for Cincinnati Snappers : RHP Bun Cohen
|
Batting: LHB Mose Williams
|
0-0: Called Strike 0-1: Foul Ball, location: 2F 0-2: Foul Ball, location: 2F 0-2: Ball 1-2: Foul Ball, location: 7LMF 1-2: Ground out 3-1 (Groundball, 34, EV 103.1 MPH)
|
Batting: RHB Wilbur Simpson
|
0-0: Fly out, F7 (Flyball, 7LM, EV 83.8 MPH)
|
Batting: RHB Bill McNeil
|
0-0: Called Strike 0-1: Ball 1-1: Ball 2-1: Ball 3-1: Swinging Strike 3-2: Foul Ball, location: 5F 3-2: Fly out, F3 (Popup, 34S, EV 80.0 MPH)
|
Top of the 7th over - 0 runs, 0 hits, 0 errors, 0 left on base; Pittsburgh 4 - Cincinnati 3 |
BOTTOM OF THE 7TH |
Cincinnati Snappers batting - Pitching for Pittsburgh Rollers : RHP Bill McNeil
|
Pinch Hitting: SHB Ben Turner
|
0-0: Called Strike 0-1: Foul Ball, location: 7LDF 0-2: Ball 1-2: Reached on error, E3 (Groundball, 3S, EV 73.8 MPH)
|
Batting: RHB Bun Cohen
|
0-0: Bunted foul 0-1: Sac Bunt to 23 - play at first, batter OUT! 3-4 Ben Turner to second
|
Batting: LHB Benny Jackson
|
0-0: Ball 1-0: Fly out, F7 (Flyball, 7LMF, EV 110.6 MPH)
|
Batting: LHB Bill Mackey
|
0-0: Ball 1-0: Ball 2-0: Ball 3-0: Base on Balls
|
Pinch Hitting: LHB Percy Miles
|
0-0: Ball 1-0: Called Strike 1-1: Swinging Strike 1-2: Foul Ball, location: 3DF 1-2: Foul Ball, location: 3F 1-2: Ball 2-2: Strikes out looking
|
Bottom of the 7th over - 0 runs, 0 hits, 1 error, 2 left on base; Pittsburgh 4 - Cincinnati 3 |
TOP OF THE 8TH |
Pittsburgh Rollers batting - Pitching for Cincinnati Snappers : RHP Bun Cohen
|
Now at 1B: Ben Turner
|
|
Now at 2B: Jesse Rhodes
|
|
Now in LF: Jack Davis
|
|
Batting: RHB Lanky Spencer
|
0-0: Ball 1-0: Fly out, F8 (Flyball, 8LM, EV 81.9 MPH)
|
Batting: RHB Earl Mantell
|
0-0: SOLO HOME RUN (Flyball, 8RXD, EV 100.6 MPH), Distance : 419 ft
|
Batting: LHB Hooks Hastings
|
0-0: Ball 1-0: Called Strike 1-1: Called Strike 1-2: Strikes out swinging
|
Batting: LHB Leon Hayes
|
0-0: Ball 1-0: Called Strike 1-1: Ball 2-1: Called Strike 2-2: Foul Ball, location: 25F 2-2: Ball 3-2: Base on Balls
|
Batting: RHB Gus Ware
|
0-0: Ball 1-0: Ground out 4-3 (Groundball, 34, EV 104.4 MPH)
|
Top of the 8th over - 1 run, 1 hit, 0 errors, 1 left on base; Pittsburgh 5 - Cincinnati 3 |
BOTTOM OF THE 8TH |
Cincinnati Snappers batting - Pitching for Pittsburgh Rollers : RHP Bill McNeil
|
Batting: RHB Carl Simms
|
0-0: Called Strike 0-1: Ball 1-1: Ball 2-1: Foul Ball, location: 2F 2-2: Ground out 5-3 (Groundball, 15, EV 88.8 MPH)
|
Batting: LHB William Grimes
|
0-0: Swinging Strike 0-1: Ball 1-1: Foul Ball, location: 23FF 1-2: Foul Ball, location: 9LMFF 1-2: Ball 2-2: Ground out 3-1 (Groundball, 34S, EV 78.1 MPH)
|
Batting: RHB Ed Williams
|
0-0: Ground out 4-3 (Groundball, 4MS, EV 85.6 MPH)
|
Bottom of the 8th over - 0 runs, 0 hits, 0 errors, 0 left on base; Pittsburgh 5 - Cincinnati 3 |
TOP OF THE 9TH |
Pittsburgh Rollers batting - Pitching for Cincinnati Snappers : RHP Bun Cohen
|
Batting: SHB Curtis Cooper
|
0-0: Fly out, F5 (Popup, 15, EV 87.5 MPH)
|
Batting: LHB Mose Williams
|
0-0: Ball 1-0: Called Strike 1-1: Fly out, F5 (Popup, 5D, EV 73.1 MPH)
|
Batting: RHB Wilbur Simpson
|
0-0: Ball 1-0: Ball 2-0: Ground out 6-3 (Groundball, 6S, EV 70.6 MPH)
|
Top of the 9th over - 0 runs, 0 hits, 0 errors, 0 left on base; Pittsburgh 5 - Cincinnati 3 |
BOTTOM OF THE 9TH |
Cincinnati Snappers batting - Pitching for Pittsburgh Rollers : RHP Bill McNeil
|
Pitching: RHP Bill Josephs
|
|
Now in LF: Buck Strong
|
|
Now in CF: Leon Hayes
|
|
Now in RF: Alto Tinker
|
|
Batting: SHB Jack Davis
|
0-0: Ball 1-0: Ground out 5-3 (Groundball, 5, EV 79.4 MPH)
|
Batting: SHB Ben Turner
|
0-0: Foul Ball, location: 2F 0-1: Ball 1-1: Foul Ball, location: 25F 1-2: Ball 2-2: SINGLE (Line Drive, 8LS, EV 90.0 MPH)
|
Pinch Hitting: SHB Ambrose Watson
|
0-0: Ball 1-0: Foul Ball, location: 3F 1-1: Ball 2-1: Foul Ball, location: 2F 2-2: Ball 3-2: Fly out, F7 (Flyball, 78S, EV 95.6 MPH)
|
Batting: LHB Benny Jackson
|
0-0: Called Strike 0-1: Foul Ball, location: 2F 0-2: Strikes out swinging
|
Bottom of the 9th over - 0 runs, 1 hit, 0 errors, 1 left on base; Pittsburgh 5 - Cincinnati 3 |
|